 Dungeon Crawl Stone Soup version 0.22-a0-252-gcace5d2 (webtiles) character file.

763 JeffiDaFish the Conjurer (level 7, -3/55 HPs)
             Began as a Red Draconian Conjurer on Mar 1, 2018.
             Shot with an arrow by a centaur (12 damage)
             ... on level 5 of the Dungeon.
             The game lasted 00:15:50 (5141 turns).

JeffiDaFish the Conjurer (Red Draconian Conjurer)   Turns: 5141, Time: 00:15:51

Health: -3/55      AC:  6    Str: 14    XL:     7   Next: 51%
Magic:  10/14      EV: 12    Int: 19    God:
Gold:   295        SH:  5    Dex: 12    Spells: 1/15 levels left

rFire    + . .     SeeInvis .   h - +2 spear (pierce)
rCold    . . .     Gourm    .   b - +0 buckler
rNeg     . . .     Faith    .   (armour unavailable)
rPois    .         Spirit   .   (helmet restricted)
rElec    .         Reflect  .   (no cloak)
rCorr    .         Harm     .   (no gloves)
MR       .....                  (no boots)
Stlth    ++........             (no amulet)
HPRegen  0.18/turn              e - +4 ring of strength
MPRegen  0.14/turn              m - ring of wizardry

@: no status effects
A: breathe fire, unfitting armour, clever 1, fire resistance 1, robust 1,
cold-blooded, MP-powered wands, AC +6
a: Breathe Fire


You were on level 5 of the Dungeon.
You were not hungry.

You visited 1 branch of the dungeon, and saw 5 of its levels.

You collected 295 gold pieces.

Inventory:

Hand Weapons
 h - a +2 spear of piercing (weapon)
Armour
 b - a +0 buckler (worn)
Jewellery
 e - a +4 ring of strength (left hand)
 f - an uncursed ring of positive energy
 m - a ring of wizardry (right hand)
Wands
 i - a wand of scattershot (5)
 l - a wand of clouds (3)
Scrolls
 c - a scroll of teleportation
 g - 4 scrolls of identify
 k - a scroll of fog
Potions
 j - 2 potions of curing
 n - a potion of magic
 o - a potion of heal wounds
Comestibles
 a - 8 rations
 d - 9 chunks of flesh


   Skills:
 - Level 2.0 Dodging
 - Level 2.0 Stealth
 * Level 4.4 Shields
 * Level 4.6 Spellcasting
 * Level 6.4 Conjurations


You had one spell level left.
You knew the following spells:

 Your Spells              Type           Power        Failure   Level  Hunger
a - Magic Dart            Conj           ####         1%          1    None
b - Searing Ray           Conj           ####..       1%          2    #......
c - Dazzling Spray        Conj/Hex       ###...       4%          3    ###....
d - Iskenderun's Mystic   Conj           ####....     3%          4    ####...
e - Force Lance           Conj/Tloc      ###.....     14%         4    ####...


Dungeon Overview and Level Annotations

Branches:
Dungeon (5/15)
 Temple: D:4-7

Altars:


Innate Abilities, Weirdness & Mutations

You can breathe blasts of fire.
Your fiery red scales are hard. (AC +6)
You cannot fit into any form of body armour.
Your flesh is heat resistant. (rF+)
You are cold-blooded and may be slowed by cold attacks.
Your mind is acute. (Int +2)
You are robust. (+10% HP)
You expend magic power (3 MP) to strengthen your wands.


Message History

You are too injured to fight recklessly!
You are too injured to fight recklessly!
Casting: Magic Dart (safe; 1% risk of failure)
Confirm with . or Enter, or press ? or * to list all spells.
Aiming: Searing Ray (safe; 1% risk of failure)
Press: ? - help, Shift-Dir - straight line, f/p - centaur
Aim: a centaur (lightly wounded)
The searing ray misses the centaur. (Press . to maintain the ray.)
The centaur hits you.
The searing ray hits the centaur.
The centaur is heavily wounded.
You block the centaur's attack.
You hit the centaur.
Your tail-slap misses the centaur.
The centaur is almost dead.
The centaur wields a shortbow.
The centaur shoots an arrow.
The arrow hits you!
* * * LOW HITPOINT WARNING * * *
The centaur closely misses you.
The centaur shoots an arrow.
The arrow hits you!
You die...

#).#.##.........#
#.#.##.........#
#...##..<.......
#..##...#####..
#.......#
#..##.### #..##.#
###..##.#
#.@c>...#
###.##### #c#
........#
........#
.........
c?....(..
F.........
........##


You could see 2 centaurs.

Vanquished Creatures
  2 ogres (D:4)
  A bullfrog (D:5)
  A howler monkey (D:4)
  A hound (D:4)
  2 iguanas (D:4)
  Ijyb (D:3)
  5 orc wizards
  3 worker ants (D:4)
  Robin (D:2)
  6 adders
  An ooze (D:2)
  A worm (D:2)
  2 dart slugs
  5 leopard geckos
  13 orcs
  A giant cockroach (D:1)
  20 goblins
  8 hobgoblins
  6 quokkas
  7 bats
  7 frilled lizards
  A jackal skeleton (D:4)
  7 kobolds
  6 rats
  3 fungi (D:4)
111 creatures vanquished.

Notes
Turn   | Place    | Note
-------+----------+-------------------------------------------
     0 | D:1      | JeffiDaFish the Draconian Conjurer began the quest for the Orb.
     0 | D:1      | Reached XP level 1. HP: 14/14 MP: 3/3
   474 | D:1      | Upgraded the game from 0.22-a0-248-gc8378ba to 0.22-a0-252-gcace5d2
   663 | D:1      | Reached XP level 2. HP: 20/20 MP: 1/5
  1445 | D:2      | Learned a level 2 spell: Searing Ray
  1500 | D:2      | Reached XP level 3. HP: 12/26 MP: 3/6
  1545 | D:2      | Noticed Robin
  1556 | D:2      | Killed Robin
  1556 | D:2      | Reached skill level 1 in Shields
  2160 | D:2      | Reached XP level 4. HP: 30/33 MP: 7/7
  2545 | D:3      | Gained mutation: You expend magic power (3 MP) to strengthen your wands. [potion of mutation]
  2545 | D:3      | Gained mutation: Your mind is acute. (Int +2) [potion of mutation]
  2545 | D:3      | Gained mutation: You are robust. (+10% HP) [potion of mutation]
  2581 | D:3      | Learned a level 3 spell: Dazzling Spray
  2860 | D:3      | Reached skill level 5 in Conjurations
  2860 | D:3      | Reached XP level 5. HP: 33/41 MP: 3/9
  2955 | D:3      | Noticed Ijyb
  2983 | D:3      | Killed Ijyb
  3368 | D:4      | Noticed an ogre
  3374 | D:4      | Killed an ogre
  3400 | D:4      | Reached XP level 6. HP: 46/49 MP: 11/11
  4328 | D:4      | Reached skill level 6 in Conjurations
  4328 | D:4      | Your scales start taking on a fiery red colour.
  4328 | D:4      | Reached XP level 7. HP: 55/55 MP: 6/13
  4328 | D:4      | Gained mutation: Your flesh is heat resistant. (rF+) [Red Draconian growth]
  4434 | D:4      | Learned a level 4 spell: Iskenderun's Mystic Blast
  4439 | D:4      | Learned a level 4 spell: Force Lance
  5113 | D:5      | Entered Level 5 of the Dungeon
  5141 | D:5      | Shot with an arrow by a centaur

Vault maps used:
D:1:      minmay_arrival_wavy_path
D:2:      serial_bayou_lagoon_a, uniq_robin
D:3:      minmay_cupped, uniq_ijyb
D:4:      minmay_gold_behind_fungi
D:5:      serial_shops, shop_fountains, shop, shop, shop, first_ration

Skill      XL: |  1  2  3  4  5  6  7 |
---------------+----------------------+-----
Dodging        | 2 |  2.0
Stealth        | 2 |  2.0
Shields        | 1 2 3 4 |  4.4
Spellcasting   | 3 4 |  4.6
Conjurations   | 5 6 |  6.4

Action                   |  1- 3 |  4- 6 |  7- 9 || total
-------------------------+-------+-------+-------++-------
Melee: Unarmed           |    20 |       |       ||    20
       Tailslap          |     5 |    25 |     5 ||    35
       Dagger            |    63 |    14 |       ||    77
       Spear             |       |   157 |    47 ||   204
 Cast: Magic Dart        |    58 |    19 |     6 ||    83
       Searing Ray       |     1 |    10 |     8 ||    19
  Use: Potion            |     4 |     4 |       ||     8
       Scroll            |     2 |     7 |       ||     9
 Stab: Sleeping          |     2 |     5 |     1 ||     8
  Eat: Chunk             |     5 |     7 |     3 ||    15
Armor: Skin              |    29 |    28 |    10 ||    67
Dodge: Dodged            |    30 |    65 |    34 ||   129
Block: Buckler           |     9 |    20 |    13 ||    42

Table legend:
 A = Spawn XP
 B = Non-spawn XP
 C = Spawn XP percentage of total XP
 D = Spawn monster count
 E = Non-spawn monster count
 F = Spawn count percentage of total count
 G = Total turns spent on level
                    A         B        C        D         E        F      G
               +---------+---------+-------+---------+---------+-------+---------
         Total |       0 |    1090 |   0.0 |       0 |     108 |   0.0 |  5141
               +---------+---------+-------+---------+---------+-------+---------
           D:1 |       0 |      33 |   0.0 |       0 |      22 |   0.0 |  1441
           D:2 |       0 |      91 |   0.0 |       0 |      26 |   0.0 |  1096
           D:3 |       0 |     139 |   0.0 |       0 |      30 |   0.0 |   830
           D:4 |       0 |     742 |   0.0 |       0 |      29 |   0.0 |  1746
           D:5 |       0 |      85 |   0.0 |       0 |       1 |   0.0 |    28
               +---------+---------+-------+---------+---------+-------+---------
